 Dungeon Crawl Stone Soup version 0.26.1-2-gb8aa6d0cf2 (webtiles) character file.

Game seed: 10043298224840784141

9491 Almogavar the Fighter (level 11, -3/95 HPs)
             Began as a Gnoll Wanderer on Mar 30, 2021.
             Was an Elder of Okawaru.
             Slain by an ice devil (15 damage)
             ... in an ice cave.
             The game lasted 00:37:34 (13850 turns).

Almogavar the Fighter (Gnoll Wanderer)             Turns: 13850, Time: 00:37:35

Health: -3/95      AC: 19    Str: 19    XL:     11   Next: 47%
Magic:  20/20      EV: 11    Int: 14    God:    Okawaru [****..]
Gold:   432        SH:  0    Dex: 18    Spells: 19/22 levels left

rFire    . . .     SeeInvis .   h - +4 flail (vorpal)
rCold    . . .     Faith    .   (no shield)
rNeg     . . .     Spirit   .   k - +0 chain mail
rPois    +         Reflect  .   j - +2 hat {Will+}
rElec    .         Harm     .   G - +0 cloak
rCorr    .         Rampage  .   y - +0 pair of gloves
Will     +....                  (no boots)
Stlth    ..........             (no amulet)
HPRegen  0.25/turn              q - +4 ring of protection
MPRegen  0.17/turn              B - ring of Zemum {rPois Dex+4}

@: no status effects
A: distributed training, fangs 1, strong nose
a: Renounce Religion, Heroism


You were in an ice cave.
You worshipped Okawaru.
Okawaru was greatly pleased with you.
You visited 3 branches of the dungeon, and saw 12 of its levels.
You also visited: Sewer and Ice Cave.

You collected 522 gold pieces.
You spent 90 gold pieces at shops.

Inventory:

Hand Weapons
 f - a +0 hunting sling
 h - a +4 vorpal flail (weapon)
 C - a +4 spear
 F - a +2 quarterstaff of chaos
 K - the +8 falchion "Zerr" {vorpal, rC- rN+ Int+7 Dex-3}
   (You found it on level 9 of the Dungeon)

   It inflicts extra damage upon your enemies.
   It affects your intelligence (+7).
   It affects your dexterity (-3).
   It makes you vulnerable to cold.
   It protects you from negative energy.
Missiles
 e - 6 boomerangs
 g - 351 stones (quivered)
 n - 42 sling bullets
Armour
 j - a +2 hat of willpower (worn)
 k - a +0 chain mail (worn)
 y - a +0 pair of gloves (worn)
 G - a +0 cloak (worn)
Magical Staves
 r - an uncursed staff of conjuration
 D - an uncursed staff of cold
Jewellery
 q - a +4 ring of protection (left hand)
 B - the ring of Zemum (right hand) {rPois Dex+4}
   (You found it on level 5 of the Dungeon)

   [ring of poison resistance]

   It affects your dexterity (+4).
   It protects you from poison.
 H - an uncursed ring of protection from cold
Wands
 c - a wand of paralysis (2)
 o - a wand of random effects (34)
Scrolls
 b - 12 scrolls of teleportation
 i - 10 scrolls of remove curse
 m - 3 scrolls of amnesia
 s - 4 scrolls of enchant armour
 z - 2 scrolls of fear
 A - 4 scrolls of magic mapping
 E - 2 scrolls of blinking
 I - a scroll of summoning {unknown}
 J - a scroll of acquirement
 N - a scroll of fog
Potions
 l - a potion of mutation
 p - 5 potions of flight
 t - 2 potions of cancellation
 u - 3 potions of heal wounds
 v - a potion of brilliance
 w - a potion of haste
 x - a potion of magic
 L - a potion of lignification
 M - a potion of might


   Skills:
 + Level 11.9 Fighting
 + Level 6.3 Short Blades
 + Level 6.3 Long Blades
 + Level 6.3 Axes
 + Level 6.3 Maces & Flails
 + Level 6.3 Polearms
 + Level 6.9 Staves
 + Level 6.3 Slings
 + Level 6.3 Bows
 + Level 6.3 Crossbows
 + Level 6.3 Throwing
 + Level 7.9 Armour
 + Level 6.3 Dodging
 + Level 6.3 Stealth
 + Level 6.9 Shields
 + Level 6.3 Unarmed Combat
 + Level 6.3 Spellcasting
 + Level 5.2 Conjurations
 + Level 5.2 Hexes
 + Level 5.2 Summonings
 + Level 5.2 Necromancy
 + Level 5.2 Translocations
 + Level 5.2 Transmutations
 + Level 5.2 Fire Magic
 + Level 5.2 Ice Magic
 + Level 5.2 Air Magic
 + Level 5.2 Earth Magic
 + Level 5.2 Poison Magic
 + Level 6.9 Invocations
 + Level 6.9 Evocations


You had 19 spell levels left.
You knew the following spells:

 Your Spells              Type           Power        Failure   Level
a - Mephitic Cloud        Conj/Pois/Air  19%          43%         3

Your spell library contained the following spells:

 Spells                   Type           Power        Failure   Level
 Beastly Appendage        Tmut           38%          16%         1
 Magic Dart               Conj           76%          16%         1
 Sting                    Tmut/Pois      76%          16%         1
 Blink                    Tloc           N/A          24%         2
 Call Imp                 Summ           19%          24%         2
 Poisonous Vapours        Pois/Air       38%          24%         2
 Slow                     Hex            19%          24%         2
 Wereblood                Tmut           19%          24%         2
 Conjure Flame            Conj/Fire      19%          43%         3
 Ignite Poison            Fire/Tmut/Pois 19%          43%         3
 Spider Form              Tmut/Pois      9%           43%         3
 Ice Form                 Ice/Tmut       19%          83%         4
 Olgreb's Toxic Radiance  Pois           19%          83%         4
 Blade Hands              Tmut           9%           99%         5


Dungeon Overview and Level Annotations

Branches:
Dungeon (10/15)            Temple (1/1) D:4            Lair (1/6) D:10
  Sewer (visited)           IceCv (1/1)
    Orc: D:9-12

Altars:
Ashenzari
Elyvilon
Hepliaklqana
Kikubaaqudgha
Makhleb
Nemelex Xobeh
Okawaru
Qazlal
Trog
Uskayaw
Vehumet
Xom
Yredelemnul
Zin

Shops:
D:6 (   D:8 *

Annotations:
IceCv exclusion: ice statue


Innate Abilities, Weirdness & Mutations

Your experience applies equally to all skills.
You have very sharp teeth.
Your uncanny sense of smell can sniff out nearby items.


Message History

You bite the ice devil, but do no damage.
The ice devil hits you! The ice devil freezes you!
* * * LOW HITPOINT WARNING * * *
You hit the ice devil but do no damage. The ice devil barely misses you.
You hit the ice devil. Your bite misses the ice devil.
The ice devil is lightly wounded.
The ice devil hits you!
* * * LOW HITPOINT WARNING * * *
The ice devil freezes you!
* * * LOW HITPOINT WARNING * * *
You feel much better. The ice devil closely misses you.
You hit the ice devil. Your bite misses the ice devil.
The ice devil is moderately wounded.
The ice devil barely misses you.
You hit the ice devil.
The ice devil is moderately wounded.
The ice devil hits you.
* * * LOW HITPOINT WARNING * * *
The ice devil freezes you!
You die...

#.4##'##44#
##+#...#+##
#...#
#...###
#...#.#
#+#...#'###
+.......'.#
#.8...8.###
+......@'.#
#.8...84###
+.......+
#.8..(8.#
+...(...+
####'####
(. ### ∆∆∆


You could see an ice devil.

Vanquished Creatures
  Gastronok (D:8)
  An ice statue (IceCv)
  A gargoyle (D:8)
  3 ice devils (IceCv)
  A troll (D:9)
  A polar bear (shapeshifter) (D:8)
  A hornet (D:8)
  Sigmund (D:3)
  5 yaks (D:10)
  Edmund (D:4)
  Purgy (D:4)
  3 water moccasins
  4 sky beasts
  A phantom (D:7)
  5 ice beasts
  5 ogres
  An orc warrior (D:6)
  A black bear (D:8)
  A necrophage (D:10)
  A centaur (D:10)
  4 wolves
  2 big kobolds (D:10)
  3 bullfrogs
  2 scorpions
  6 killer bees
  11 wights
  A howler monkey (D:10)
  4 electric eels (D:10)
  A centaur zombie (D:6)
  A draconian simulacrum (IceCv)
  A quasit (D:7)
  7 hounds
  Crazy Yiuf (D:7)
  5 jellies
  An orc priest (D:8)
  5 orc wizards
  A gnoll shaman (D:5)
  Ijyb (D:4)
  8 worker ants
  4 iguanas
  A troll simulacrum (IceCv)
  A hound skeleton (D:6)
  11 gnolls
  A worker ant zombie (D:5)
  7 adders
  A naga simulacrum (IceCv)
  2 white imps
  An ooze (D:6)
  3 worms
  A dart slug (D:2)
  7 leopard geckos
  28 orcs
  2 ball pythons
  8 giant cockroaches
  13 goblins
  8 hobgoblins
  7 jackals
  16 kobolds
  4 bats
  3 frilled lizards
  A jackal zombie (D:9)
  2 quokka skeletons
  3 rats
239 creatures vanquished.

Vanquished Creatures (others)
  An orc (D:7)
  A ball python skeleton (D:4)
2 creatures vanquished.

Grand Total: 241 creatures vanquished

Notes
Turn   | Place    | Note
-------+----------+-------------------------------------------
     0 | D:1      | Reached skill level 10 in Fighting
     0 | D:1      | Almogavar the Gnoll Wanderer began the quest for the Orb.
     0 | D:1      | Almogavar set off with the following items: a +0
                  | quarterstaff, a scroll of teleportation, a wand of
                  | paralysis (15), a +0 robe
     0 | D:1      | Reached XP level 1. HP: 28/28 MP: 1/1
    71 | D:1      | Reached XP level 2. HP: 31/36 MP: 2/2
   632 | D:1      | Reached XP level 3. HP: 24/42 MP: 3/3
  1115 | D:2      | Reached skill level 1 in Invocations
  1557 | D:3      | Noticed Sigmund
  1569 | D:3      | Killed Sigmund
  1570 | D:3      | Reached skill level 1 in Short Blades
  1570 | D:3      | Reached skill level 1 in Long Blades
  1570 | D:3      | Reached skill level 1 in Axes
  1570 | D:3      | Reached skill level 1 in Maces & Flails
  1570 | D:3      | Reached skill level 1 in Polearms
  1570 | D:3      | Reached skill level 1 in Slings
  1570 | D:3      | Reached skill level 1 in Bows
  1570 | D:3      | Reached skill level 1 in Crossbows
  1570 | D:3      | Reached skill level 1 in Throwing
  1570 | D:3      | Reached skill level 1 in Dodging
  1570 | D:3      | Reached skill level 1 in Stealth
  1570 | D:3      | Reached skill level 1 in Unarmed Combat
  1570 | D:3      | Reached skill level 1 in Spellcasting
  1570 | D:3      | Reached skill level 1 in Conjurations
  1570 | D:3      | Reached skill level 1 in Hexes
  1570 | D:3      | Reached skill level 1 in Summonings
  1570 | D:3      | Reached skill level 1 in Necromancy
  1570 | D:3      | Reached skill level 1 in Translocations
  1570 | D:3      | Reached skill level 1 in Transmutations
  1570 | D:3      | Reached skill level 1 in Fire Magic
  1570 | D:3      | Reached skill level 1 in Ice Magic
  1570 | D:3      | Reached skill level 1 in Air Magic
  1570 | D:3      | Reached skill level 1 in Earth Magic
  1570 | D:3      | Reached skill level 1 in Poison Magic
  1570 | D:3      | Reached XP level 4. HP: 48/48 MP: 4/6
  1570 | D:3      | Reached XP level 5. HP: 54/54 MP: 4/7
  1696 | D:3      | Reached XP level 6. HP: 58/61 MP: 8/8
  2067 | D:3      | Found a stormy altar of Qazlal.
  2157 | D:3      | Reached skill level 5 in Armour
  2446 | D:4      | Noticed Purgy
  2462 | D:4      | Killed Purgy
  2463 | D:4      | Reached XP level 7. HP: 65/67 MP: 10/10
  2521 | D:4      | Found a stormy altar of Qazlal.
  2914 | D:4      | Found a hazy altar of Hepliaklqana.
  2961 | D:4      | Noticed Edmund
  2972 | D:4      | Killed Edmund
  3227 | D:4      | Found a staircase to the Ecumenical Temple.
  3231 | Temple   | Entered the Ecumenical Temple
  3283 | Temple   | Became a worshipper of Warmaster Okawaru
  3602 | D:4      | Noticed Ijyb
  3617 | D:4      | Killed Ijyb
  3893 | D:5      | Entered Level 5 of the Dungeon
  4142 | D:5      | Found a glowing drain.
  4146 | Sewer    | Entered a sewer
  4227 | Sewer    | Reached XP level 8. HP: 62/74 MP: 12/12
  4699 | D:5      | Found an ancient bone altar of Kikubaaqudgha.
  4863 | D:5      | Reached * piety under Okawaru
  4874 | D:5      | Got a pitted glass ring
  4875 | D:5      | Identified the ring of Zemum {rPois Dex+4} (You found it on
                  | level 5 of the Dungeon)
  5860 | D:6      | Reached skill level 11 in Fighting
  5860 | D:6      | Reached XP level 9. HP: 81/81 MP: 14/14
  6360 | D:6      | Learned a level 3 spell: Mephitic Cloud
  6515 | D:6      | Found Kepureel's Weapon Shoppe.
  6619 | D:6      | Reached ** piety under Okawaru
  6807 | D:7      | Reached skill level 5 in Staves
  6807 | D:7      | Reached skill level 5 in Shields
  6807 | D:7      | Reached skill level 5 in Evocations
  7276 | D:7      | Found a broken altar of Ashenzari.
  7475 | D:7      | Found a bloodstained altar of Trog.
  7638 | D:7      | Found a runed translucent door.
  7639 | D:7      | Noticed Crazy Yiuf
  7777 | D:7      | Killed Crazy Yiuf
  7879 | D:8      | Noticed a hornet
  8103 | D:7      | Reached skill level 5 in Invocations
  8157 | D:8      | Killed a hornet
  8213 | D:8      | Noticed a polar bear
  8213 | D:8      | a shapeshifter changed into a polar bear
  8220 | D:8      | Killed a polar bear
  8220 | D:8      | Reached *** piety under Okawaru
  8221 | D:8      | Reached XP level 10. HP: 42/88 MP: 17/17
  8509 | D:8      | Noticed Gastronok
  8509 | D:8      | Noticed a gargoyle
  8525 | D:8      | Killed a gargoyle
  8526 | D:8      | Reached skill level 5 in Short Blades
  8526 | D:8      | Reached skill level 5 in Long Blades
  8526 | D:8      | Reached skill level 5 in Axes
  8526 | D:8      | Reached skill level 5 in Maces & Flails
  8526 | D:8      | Reached skill level 5 in Polearms
  8526 | D:8      | Reached skill level 5 in Slings
  8526 | D:8      | Reached skill level 5 in Bows
  8526 | D:8      | Reached skill level 5 in Crossbows
  8526 | D:8      | Reached skill level 5 in Throwing
  8526 | D:8      | Reached skill level 5 in Dodging
  8526 | D:8      | Reached skill level 5 in Stealth
  8526 | D:8      | Reached skill level 5 in Unarmed Combat
  8526 | D:8      | Reached skill level 5 in Spellcasting
  8529 | D:8      | HP: 1/88 [Gastronok/the air (17)]
  8532 | D:8      | Found Akah's General Store.
  8789 | D:8      | Found a sparkling altar of Nemelex Xobeh.
  9210 | D:8      | Killed Gastronok
  9210 | D:8      | Reached **** piety under Okawaru
  9533 | D:8      | Bought a scroll of blinking for 90 gold pieces
  9933 | D:9      | Identified a scroll of acquirement
  9994 | D:9      | Got a fading falchion
  9995 | D:9      | Identified the +8 falchion "Zerr" {vorpal, rC- rN+ Int+7
                  | Dex-3} (You found it on level 9 of the Dungeon)
 10661 | D:10     | Entered Level 10 of the Dungeon
 10977 | D:9      | Reached XP level 11. HP: 69/95 MP: 19/19
 11170 | D:10     | Reached skill level 5 in Conjurations
 11170 | D:10     | Reached skill level 5 in Hexes
 11170 | D:10     | Reached skill level 5 in Summonings
 11170 | D:10     | Reached skill level 5 in Necromancy
 11170 | D:10     | Reached skill level 5 in Translocations
 11170 | D:10     | Reached skill level 5 in Transmutations
 11170 | D:10     | Reached skill level 5 in Fire Magic
 11170 | D:10     | Reached skill level 5 in Ice Magic
 11170 | D:10     | Reached skill level 5 in Air Magic
 11170 | D:10     | Reached skill level 5 in Earth Magic
 11170 | D:10     | Reached skill level 5 in Poison Magic
 11173 | D:10     | Received a gift from Okawaru
 11426 | D:10     | Found a staircase to the Lair.
 12072 | D:10     | Noticed a five-headed hydra
 12079 | Lair:1   | Entered Level 1 of the Lair of Beasts
 12255 | Lair:1   | Reached ***** piety under Okawaru
 12256 | Lair:1   | Found a frozen archway.
 12265 | IceCv    | Entered an ice cave
 12311 | IceCv    | HP: 4/95 [ice devil (10)]
 12601 | IceCv    | Received a gift from Okawaru
 13847 | IceCv    | HP: 1/95 [ice devil (14)]
 13850 | IceCv    | Slain by an ice devil

Illustrated notes

Levels and vault maps discovered:
D:1:      tarquinn_simple_flora_water_c, layout_loops_ring,
          hangedman_decor_lopped
D:2:      layout_basic
D:3:      layout_rooms, old_standard_altar, dk_vineyard_1, uniq_sigmund
D:4:      kennysheep_goblin_castle, layout_rooms, nzn_hepliaklqana_mist_gate,
          minmay_temple_entry_glassed_door, grunt_qazlal_clouds, uniq_edmund,
          uniq_purgy
D:5:      layout_rooms, kiku_gazebo_pond_becter, gup_sewer_entry_spiral,
          kennysheep_small_square
D:6:      layout_basic, serial_shops, kennysheep_little_box
D:7:      layout_loops_corners, cheibrodos_ashenzari_chains,
          chequers_serial_rivers_room_a, trog_three_pillars_becter,
          uniq_crazy_yiuf_cottage
D:8:      layout_cave_pools, nemelex_xobeh_ov_fountains_minmay, serial_shops,
          shop, st_stairs_9, uniq_gastronok
D:9:      layout_cave_pools, serial_glass, glass_columns_a, glass_columns_a,
          feat_on_display, feat_on_display, item_on_display_a
D:10:     layout_roguey, erik_lair_island
Temple:   minmay_crystal_spiral_temple
Lair:1:   layout_long_grid, portal_ice_cave_entry_pillars_1,
          infiniplex_staircase_pool_2, minmay_lair_oklob_chamber,
          serial_bayou_shore_a
IceCv:    ice_cave_tombish

Skill      XL: |  1  2  3  4  5  6  7  8  9 10 11 |
---------------+----------------------------------+-----
Fighting       | 11 | 11.9
Invocations    | 1 2 3 4 5 6 |  6.9
Short Blades   | 1 2 3 4 5 6 |  6.3
Long Blades    | 1 2 3 4 5 6 |  6.3
Axes           | 1 2 3 4 5 6 |  6.3
Maces & Flails | 1 2 3 4 5 6 |  6.3
Polearms       | 1 2 3 4 5 6 |  6.3
Staves         | 3 4 5 6 |  6.9
Slings         | 1 2 3 4 5 6 |  6.3
Bows           | 1 2 3 4 5 6 |  6.3
Crossbows      | 1 2 3 4 5 6 |  6.3
Throwing       | 1 2 3 4 5 6 |  6.3
Dodging        | 1 2 3 4 5 6 |  6.3
Stealth        | 1 2 3 4 5 6 |  6.3
Shields        | 3 4 5 6 |  6.9
Unarmed Combat | 1 2 3 4 5 6 |  6.3
Spellcasting   | 1 2 3 4 5 6 |  6.3
Conjurations   | 1 2 3 4 5 |  5.2
Hexes          | 1 2 3 4 5 |  5.2
Summonings     | 1 2 3 4 5 |  5.2
Necromancy     | 1 2 3 4 5 |  5.2
Translocations | 1 2 3 4 5 |  5.2
Transmutations | 1 2 3 4 5 |  5.2
Fire Magic     | 1 2 3 4 5 |  5.2
Ice Magic      | 1 2 3 4 5 |  5.2
Air Magic      | 1 2 3 4 5 |  5.2
Earth Magic    | 1 2 3 4 5 |  5.2
Poison Magic   | 1 2 3 4 5 |  5.2
Evocations     | 3 4 5 6 |  6.9
Armour         | 5 6 7 |  7.9

Action                   |  1- 3 |  4- 6 |  7- 9 | 10-12 || total
-------------------------+-------+-------+-------+-------++-------
Melee: Quarterstaff      |    87 |    54 |    89 |    95 ||   325
       Bite              |    10 |    12 |    43 |    94 ||   159
       Staff             |       |    25 |       |   231 ||   256
       Flail             |       |       |   286 |    33 ||   319
       Punch             |       |       |     6 |    18 ||    24
       Falchion          |       |       |       |   121 ||   121
 Fire: Hunting sling     |       |    29 |    12 |       ||    41
Throw: Stone             |       |       |    36 |    59 ||    95
Invok: Heroism           |       |       |     1 |     6 ||     7
       Finesse           |       |       |       |     1 ||     1
Evoke: Wand              |     6 |     2 |     6 |     7 ||    21
  Use: Scroll            |     1 |     3 |    10 |     9 ||    23
       Potion            |       |       |     1 |     7 ||     8
 Stab: Paralysed         |     5 |     8 |    13 |       ||    26
       Confused          |       |       |     1 |       ||     1
Armor: Robe              |    13 |       |       |       ||    13
       Chain mail        |    15 |    75 |   277 |   275 ||   642
       Scale mail        |     4 |       |       |       ||     4
       Leather armour    |     1 |       |       |       ||     1
Dodge: Dodged            |    65 |    31 |   212 |   289 ||   597
       Rpst.: Falchion   |       |       |       |    24 ||    24
